 Dungeon Crawl Stone Soup version 0.28-a0-1524-ge72afd5fc6 (webtiles) character file.

Game seed: 4484975504449325488

715 HallandMoats the Skirmisher (level 7, -12/62 HPs)
             Began as a Ghoul Fighter on Jan 18, 2022.
             Was a Believer of Trog.
             Killed from afar by Pikel (32 damage)
             ... with a bolt of acid
             ... on level 5 of the Dungeon.
             The game lasted 00:04:22 (4791 turns).

HallandMoats the Skirmisher (Ghoul Fighter)         Turns: 4791, Time: 00:04:28

Health: -12/62     AC:  3    Str: 20    XL:     7   Next: 69%
Magic:  6/6        EV:  9    Int:  5    God:    Trog [**....]
Gold:   194        SH:  9    Dex:  8    Spells: 6/6 levels left

rFire   . . .      SeeInvis .   a - +4 hand axe (vorpal)
rCold   + . .      Faith    .   c - +0 buckler
rNeg    + + +      Spirit   .   b - +0 scale mail
rPois   ∞          Reflect  +   (no helmet)
rElec   .          Harm     .   (no cloak)
rCorr   .          Rampage  .   (no gloves)
Will    .....                   (no boots)
Stlth   ..........              j - amulet of reflection
HPRegen 0.00/turn               (no ring)
MPRegen 0.10/turn               (no ring)

@: corroded, inhibited regen
A: claws 1, cold resistance 1, negative energy resistance 3, inhibited
regeneration, torment resistance 2
a: Renounce Religion, Trog's Hand


You were on level 5 of the Dungeon.
You worshipped Trog.
Trog was pleased with you.
You visited 1 branch of the dungeon, and saw 5 of its levels.

You collected 194 gold pieces.

Inventory:

Hand Weapons
 a - a +4 vorpal hand axe (weapon)
Armour
 b - a +0 scale mail (worn)
 c - a +0 buckler (worn)
Jewellery
 j - an amulet of reflection (around neck)
 n - a ring of flight
Scrolls
 d - a scroll of fog {unknown}
 e - 2 scrolls of identify {unknown}
 g - 2 scrolls of brand weapon {unknown}
 h - a scroll of vulnerability {unknown}
 i - 2 scrolls of acquirement {unknown}
 l - a scroll of silence {unknown}
 o - a scroll of torment {unknown}
 q - a scroll of teleportation {unknown}
 r - 2 scrolls of holy word {unknown}
Potions
 f - 2 potions of ambrosia {unknown}
 k - a potion of heal wounds {unknown}
 m - a potion of attraction {unknown}
 p - a potion of curing {unknown}
 s - a potion of flight {unknown}
 t - a potion of brilliance {unknown}
 u - a potion of might


   Skills:
 * Level 5.9 Fighting
 * Level 4.3 Axes
 + Level 3.8 Armour
 + Level 2.4 Dodging
 + Level 3.8 Shields


You had 6 spell levels left.
You didn't know any spells.
Your spell library was empty.

Dungeon Overview and Level Annotations

Branches:
Dungeon (5/15)             Temple (0/1) D:4

Altars:
Elyvilon
Trog

Annotations:
D:5 Pikel


Innate Abilities, Weirdness & Mutations

You thrive by killing the living.
You are immune to poison.
You have sharp fingernails.
Your flesh is cold resistant. (rC+)
You are immune to negative energy. (rN+++)
You do not regenerate when monsters are visible.
You are immune to unholy pain and torment.


Message History

There are monsters nearby!
There are monsters nearby!
There are monsters nearby!
A lemure comes into view.
The lemure shouts! x2
You block the adder's attack.
You slash the adder!
The adder is almost dead.
You block the adder's attack. x2
You slash the adder!
You kill the adder!
Trog accepts your kill.
You hit the lemure but do no damage. The lemure hits you.
You hit the lemure.
The lemure is moderately wounded.
You barely miss the lemure. The lemure hits you. You block the lemure's attack.
You barely miss the lemure.
The lemure is moderately wounded.
You miss the lemure. The lemure hits you but does no damage.
You block the lemure's attack.
You hit the lemure.
The lemure is moderately wounded.
You hit the lemure but do no damage. You hit the lemure. The lemure hits you.
You block the lemure's attack. x2
You hit Pikel.
Pikel is lightly wounded.
You hit the lemure. You hit the lemure but do no damage.
You block the lemure's attack. The lemure hits you.
You hit Pikel but do no damage.
Pikel is lightly wounded.
You hit the lemure. You closely miss the lemure. The lemure hits you!
Pikel barely misses you. The lemure barely misses you.
The lemure closely misses you.
You hit Pikel.
Pikel is moderately wounded.
You hit the lemure. You barely miss the lemure.
Pikel zaps a wand.
The bolt of acid hits you! The acid corrodes you! The lemure hits you!
The lemure hits you.
Pikel zaps a wand.
The bolt of acid hits you!!
Ouch! That really hurt!
You die...

###...###.#.###.#......
.#.....#..###.........
..........#...#.##.#.#
#.............#.#..#.#
####....##...........##
# #.....##..##.......#.
#.........##.........
##.......###....#....
##......# ##@5......
#....... #K5#.#..##
####......55######
........## .....##
..... .... ....


You could see Pikel and 4 lemures.

Vanquished Creatures
  A hornet (D:5)
  Sigmund (D:3)
  An ogre (D:4)
  A hound (D:4)
  A centaur skeleton (D:5)
  2 iguanas
  A killer bee zombie (D:3)
  A howler monkey zombie (D:4)
  6 adders
  An adder skeleton (D:4)
  3 worms
  5 dart slugs
  5 orcs (D:3)
  5 ball pythons
  4 bats (D:1)
  6 endoplasms
  5 giant cockroaches
  9 hobgoblins
  6 jackals
  2 quokkas
  2 frilled lizards
  4 goblins
  3 kobolds
  6 rats
81 creatures vanquished.

Notes
Turn   | Place    | Note
-------+----------+-------------------------------------------
     0 | D:1      | HallandMoats the Ghoul Fighter began the quest for the Orb.
     0 | D:1      | Reached XP level 1. HP: 19/19 MP: 0/0
    34 | D:1      | Reached XP level 2. HP: 17/26 MP: 1/1
   142 | D:1      | Found a faded altar of an unknown god.
   177 | D:1      | Prayed at the altar of an unknown god.
   177 | D:1      | Became a worshipper of Trog the Wrathful
   177 | D:1      | Reached * piety under Trog
   470 | D:1      | Reached XP level 3. HP: 33/33 MP: 2/2
  1195 | D:2      | Reached ** piety under Trog
  1196 | D:2      | Reached skill level 4 in Fighting
  1458 | D:2      | Reached XP level 4. HP: 38/40 MP: 3/3
  2339 | D:3      | Reached skill level 1 in Dodging
  2375 | D:3      | Reached XP level 5. HP: 28/47 MP: 4/4
  2746 | D:3      | Noticed Sigmund
  2754 | D:3      | Killed Sigmund
  2755 | D:3      | Reached skill level 5 in Fighting
  2755 | D:3      | Reached XP level 6. HP: 18/56 MP: 5/5
  3379 | D:4      | Reached *** piety under Trog
  3414 | D:4      | Reached XP level 7. HP: 13/61 MP: 6/6
  3726 | D:4      | Found a staircase to the Ecumenical Temple.
  4642 | D:5      | Entered Level 5 of the Dungeon
  4704 | D:5      | Noticed a hornet
  4716 | D:5      | Killed a hornet
  4782 | D:5      | Noticed Pikel
  4791 | D:5      | Killed from afar by Pikel

Illustrated notes

Levels and vault maps discovered:
D:1:      co_arrival_square_in_a_square_in_a_square, layout_basic,
          basic_ecumenical_altar, st_stairs_13, chequers_jeans
D:2:      layout_loops_corners, basic_altar, minmay_distorted
D:3:      layout_basic, uniq_sigmund
D:4:      layout_basic, temple_green
D:5:      layout_cave_pools, uniq_pikel

Skill      XL: |  1  2  3  4  5  6  7 |
---------------+----------------------+-----
Axes           | 2 3 4 |  4.3
Fighting       | 4 5 |  5.9
Armour         | 3 |  3.8
Shields        | 3 |  3.8
Dodging        | 1 2 |  2.4

Action                   |  1- 3 |  4- 6 |  7- 9 || total
-------------------------+-------+-------+-------++-------
Melee: War axe           |    92 |    94 |       ||   186
       Hand axe          |       |    54 |    46 ||   100
       Dagger            |       |    16 |       ||    16
Invok: Trog's Hand       |       |     2 |     1 ||     3
  Use: Potion            |       |     1 |       ||     1
Armor: Scale mail        |    48 |    27 |    10 ||    85
Dodge: Dodged            |    52 |    43 |    15 ||   110
Block: Buckler           |    20 |    71 |    24 ||   115
       Reflection        |       |     1 |     2 ||     3

Table legend: (Time is in decaauts)
 A = Elapsed time spent in this place.
 B = Non-inter-level travel time spent in this place.
 C = Inter-level travel time spent in this place.
 D = Time resting spent in this place.
 E = Time spent auto-exploring this place.
 F = Levels seen in this place.
 G = Mean time per level.
                   A        B        C        D        E       F      G
               +--------+--------+--------+--------+--------+-----+--------+
         Total |   4883 |   4770 |    113 |    387 |   3672 |   5 |  976.6 |
       Dungeon |   4883 |   4770 |    113 |    387 |   3672 |   5 |  976.6 |
               +--------+--------+--------+--------+--------+-----+--------+

Top non-repeatable levels by time:
     D:4: 1361 daAuts
     D:2: 1237 daAuts
     D:3: 1126 daAuts
     D:1: 1005 daAuts
     D:5: 151 daAuts
